 Dungeon Crawl Stone Soup version 0.24-a0-524-gf43b32f898 (webtiles) character file.

Game seed: 11199228066707924949

394 MirrMurr the Ducker (level 6, -5/48 HPs)
             Began as a Spriggan Berserker on July 31, 2019.
             Was an Elder of Trog.
             Slain by Eustachio
             ... wielding a +0 rapier
              (6 damage)
             ... on level 4 of the Dungeon.
             The game lasted 00:06:27 (3438 turns).

MirrMurr the Ducker (Spriggan Berserker)            Turns: 3438, Time: 00:06:28

Health: -5/48      AC:  4    Str: 19    XL:     6   Next: 52%
Magic:  7/7        EV: 22    Int:  8    God:    Trog [****..]
Gold:   113        SH:  0    Dex: 17    Spells: 5/5 levels left

rFire    . . .     SeeInvis +   a - +6 dagger
rCold    . . .     Gourm    .   (shield restricted)
rNeg     . . .     Faith    +   g - +2 animal skin
rPois    .         Spirit   .   (helmet restricted)
rElec    .         Reflect  .   (no cloak)
rCorr    .         Harm     .   (gloves unavailable)
MR       +....                  (boots unavailable)
Stlth    ..........             k - amulet of faith
HPRegen  0.16/turn              (no ring)
MPRegen  0.10/turn              (no ring)

@: berserking, very quick
A: very small, unfitting armour, see invisible, herbivore, speed 3, slow
metabolism 2
a: Berserk, Trog's Hand, Brothers in Arms, Renounce Religion


You were on level 4 of the Dungeon.
You worshipped Trog.
Trog was greatly pleased with you.
You were very hungry.

You visited 1 branch of the dungeon, and saw 4 of its levels.

You collected 113 gold pieces.

Inventory:

Hand Weapons
 a - a +6 dagger (weapon)
 b - a +0 short sword
Missiles
 d - 90 stones (quivered)
 l - 7 boomerangs
Armour
 g - a +2 animal skin (worn)
Jewellery
 k - an amulet of faith (around neck)
 p - an uncursed amulet of the gourmand {unknown}
 s - an uncursed ring of fire
Scrolls
 i - 4 scrolls of teleportation
 m - a scroll of magic mapping
 q - a scroll of fog
 r - a scroll of remove curse
Potions
 e - a potion of resistance
 f - a potion of invisibility {unknown}
 h - 2 potions of cancellation
 j - a potion of mutation {unknown}
 n - a potion of curing {unknown}
 o - a potion of lignification {unknown}
Comestibles
 c - 7 rations


   Skills:
 - Level 2.4 Fighting
 * Level 6.2 Short Blades
 + Level 6.4 Dodging
 + Level 5.0 Stealth


You had 5 spell levels left.
You didn't know any spells.
Your spell library was empty.

Dungeon Overview and Level Annotations

Branches:
Dungeon (4/15)
 Temple: D:4-7

Altars:
Cheibriados
Dithmenos
Gozag

Shops:
D:3 *

Annotations:
D:4 Eustachio


Innate Abilities, Weirdness & Mutations

You are very small and have problems with some larger weapons.
You are too small for most types of armour.
You have supernaturally acute eyesight. (SInv)
You are a herbivore.
You cover ground extremely quickly.
You need to consume almost no food.


Message History

Eustachio is lightly wounded.
The crimson imp closely misses you. Eustachio misses you.
The white imp gestures at you. The puff of frost hits you!
The white imp misses you.
You hit Eustachio.
Eustachio is moderately wounded.
The crimson imp barely misses you. Eustachio barely misses you.
The white imp gestures at you. The puff of frost hits you!
* * * LOW HITPOINT WARNING * * *
The white imp closely misses you.
A red film seems to cover your vision as you go berserk!
You feel yourself moving faster!
You feel mighty!
You are feeling very hungry.
The crimson imp closely misses you. The white imp hits you.
* * * LOW HITPOINT WARNING * * *
The white imp freezes you.
* * * LOW HITPOINT WARNING * * *
Eustachio hits you with a +0 rapier.
You die...

#... #..###########
#..#..........
#..#..############
#..#..#..)........ ..#
#..'..#..#'##########..#
#..#..#..#..........#..#
#..#..'..#.@........#..#
#..#..#..#@5........#..#
#..#..#..#55........#..#
#..#..#..#..........#..#
#..#..>..#..........<..#..#
#..#..#..#..........#..#..#
#..#..#..#..........#..#..#
#..#.. ..#..........#..#..#
#..# ###+########..#..#
#..# .. ...........#..#


You could see Eustachio, a crimson imp and 2 white imps.

Vanquished Creatures
  An ogre (D:4)
  A bullfrog (D:3)
  12 adders
  3 gnolls (D:3)
  An ooze (D:3)
  2 adder skeletons (D:4)
  3 worms
  4 dart slugs
  A leopard gecko (D:3)
  3 orcs
  A ball python (D:1)
  5 bats
  4 giant cockroaches
  8 goblins
  15 hobgoblins
  9 jackals
  2 quokkas (D:2)
  5 frilled lizards
  7 kobolds
  7 rats
94 creatures vanquished.

Notes
Turn   | Place    | Note
-------+----------+-------------------------------------------
     0 | D:1      | MirrMurr the Spriggan Berserker began the quest for the
                  | Orb.
     0 | D:1      | Reached XP level 1. HP: 11/11 MP: 2/2
   437 | D:1      | Reached skill level 1 in Stealth
   460 | D:1      | Reached XP level 2. HP: 15/16 MP: 3/3
  1013 | D:1      | Reached XP level 3. HP: 16/19 MP: 4/4
  1083 | D:1      | Reached ** piety under Trog
  1294 | D:2      | Reached skill level 5 in Dodging
  1682 | D:2      | Reached XP level 4. HP: 17/23 MP: 5/5
  2021 | D:2      | Reached skill level 5 in Short Blades
  2028 | D:2      | Reached XP level 5. HP: 16/27 MP: 6/6
  2122 | D:2      | Reached *** piety under Trog
  2206 | D:2      | Found a snail-covered altar of Cheibriados.
  2564 | D:3      | Found an opulent altar of Gozag.
  2850 | D:3      | Reached XP level 6. HP: 30/32 MP: 7/7
  3072 | D:3      | Found Gozag's Platinum Reserve.
  3326 | D:4      | Reached **** piety under Trog
  3329 | D:4      | Found a shadowy altar of Dithmenos.
  3356 | D:4      | Reached skill level 5 in Stealth
  3423 | D:4      | Noticed Eustachio
  3438 | D:4      | HP: 1/48 [white imp[Eustachio] (3)]
  3438 | D:4      | Slain by Eustachio

Levels and vault maps discovered:
D:1:      minmay_arrival_shattered_statue, layout_loops_ring,
          minmay_misc_feat_more_columns, minmay_misc_feat_rugged
D:2:      layout_basic, first_ration, kennysheep_slug_shrine
D:3:      layout_rooms, nicolae_gozag_zags_fifth_avenue,
          minmay_misc_feat_nine_boxes
D:4:      layout_basic, nicolae_dithmenos_shadow_blocks,
          kennysheep_generic_room_14, uniq_eustachio

Skill      XL: |  1  2  3  4  5  6 |
---------------+-------------------+-----
Stealth        | 1 2 3 4 5 |  5.0
Short Blades   | 4 5 6 |  6.2
Dodging        | 5 6 |  6.4
Fighting       | |  2.4

Action                   |  1- 3 |  4- 6 || total
-------------------------+-------+-------++-------
Melee: Short sword       |    76 |       ||    76
       Dagger            |    56 |   174 ||   230
Invok: Berserk           |     1 |     2 ||     3
  Use: Scroll            |     5 |     8 ||    13
 Stab: Sleeping          |     2 |     8 ||    10
  Eat: Ration            |       |     1 ||     1
Armor: Animal skin       |     5 |    10 ||    15
Dodge: Dodged            |   100 |   111 ||   211

Table legend:
 A = Non-vault XP
 B = Vault XP
 C = Vault XP percentage of total XP
 D = Non-vault monster count
 E = Vault monster count
 F = Vault count percentage of total count
                 A         B        C        D         E       F
            +---------+---------+-------+---------+---------+-------
      Total |     560 |       4 |   0.7 |      93 |       1 |   1.1
            +---------+---------+-------+---------+---------+-------
        D:1 |      53 |       0 |   0.0 |      30 |       0 |   0.0
        D:2 |     153 |       4 |   2.5 |      31 |       1 |   3.1
        D:3 |     225 |       0 |   0.0 |      26 |       0 |   0.0
        D:4 |     129 |       0 |   0.0 |       6 |       0 |   0.0
            +---------+---------+-------+---------+---------+-------
